 Dungeon Crawl Stone Soup version 0.25-a0-875-geaba134f46 (webtiles) character file.

Game seed: 4490150830963692470, levelgen mode: deterministic

6937 sanka the Frost Mage (level 11, -5/81 HPs)
             Began as a Barachi Ice Elementalist on May 1, 2020.
             Was an Elder of Vehumet.
             Slain by a cyclops (23 damage)
             ... on level 9 of the Dungeon.
             The game lasted 00:28:08 (8401 turns).

sanka the Frost Mage (Barachi Ice Elementalist)     Turns: 8401, Time: 00:28:09

Health: -5/81      AC:  6    Str: 14    XL:     11   Next: 7%
Magic:  10/23      EV: 15    Int: 24    God:    Vehumet [****..]
Gold:   517        SH:  0    Dex: 13    Spells: 11/26 levels left

rFire    + . .     SeeInvis .   a - +2 dagger (elec)
rCold    . . .     Gourm    .   (no shield)
rNeg     . . .     Faith    .   M - +0 robe {rF+}
rPois    .         Spirit   .   n - +2 hat
rElec    .         Reflect  .   w - +0 cloak of the Skies Above {Int+6} (curse)
rCorr    .         Harm     .   (no gloves)
MR       .....                  t - +0 pair of boots {Fly}
Stlth    +++.......             x - amulet of regeneration
HPRegen  0.63/turn              C - +4 ring of strength
MPRegen  0.18/turn              K - ring of stealth

@: flying, slow
A: +LOS, swims, slowness 1, strong legs 1
a: Hop, Renounce Religion, Stop Flying


You were on level 9 of the Dungeon.
You worshipped Vehumet.
Vehumet was greatly pleased with you.
You were not hungry.

You visited 1 branch of the dungeon, and saw 9 of its levels.
You also visited: Bailey.

You collected 517 gold pieces.


Innate Abilities, Weirdness & Mutations

You can be seen from farther away. (+LOS)
You can swim through water.
You cover ground slowly.
You can hop short distances.


   Skills:
 + Level 6.3 Fighting
 + Level 6.3 Dodging
 - Level 1.7 Stealth
 - Level 8.0 Spellcasting
 - Level 4.0 Conjurations
 - Level 4.0 Summonings
 + Level 13.9 Ice Magic


You had 11 spell levels left.
You knew the following spells:

 Your Spells              Type           Power        Failure   Level  Hunger
a - Ozocubu's Armour      Chrm/Ice       #####...     1%          3    None
u - Hailstorm             Conj/Ice       ######..     1%          4    ##.....
x - Summon Ice Beast      Ice/Summ       ######..     1%          4    ##.....
y - Frozen Ramparts       Ice            ######       1%          3    None
z - Freeze                Ice            ####         0%          1    None

Your spell library contained the following spells:

 Spells                   Type           Power        Failure   Level  Hunger
 Fulminant Prism          Conj/Hex       ###.......   8%          4    ##.....
 Magic Dart               Conj           ####         1%          1    None
 Call Imp                 Summ           ####....     1%          2    None
 Conjure Flame            Conj/Fire      ###.....     2%          3    None
 Mephitic Cloud           Conj/Pois/Air  ###.....     3%          3    None
 Blink                    Tloc           N/A          10%         2    None
 Slow                     Hex            #.......     10%         2    None

Inventory:

Hand Weapons
 a - a +2 dagger of electrocution (weapon)
 u - a +2 quarterstaff of chaos
Missiles
 b - 204 stones (quivered)
 d - 3 silver javelins
 e - 66 boomerangs
 i - 44 poisoned darts
 q - 5 curare-tipped darts {=f}
Armour
 n - a +2 hat (worn)
 t - a +0 pair of boots of flying (worn)
 w - the cursed +0 cloak of the Skies Above (worn) {Int+6}

   It affects your intelligence (+6).
   It has a curse placed upon it.
 y - a +1 cloak
 z - a +0 cloak of invisibility
 M - a +0 robe of fire resistance (worn)
Magical Staves
 Q - an uncursed staff of conjuration {!a}
Jewellery
 l - an uncursed ring of fire
 x - an amulet of regeneration (around neck)
 C - a +4 ring of strength (left hand)
 D - an uncursed amulet of guardian spirit
 K - a ring of stealth (right hand)
Wands
 v - a wand of flame (16)
 E - a wand of digging (2)
 N - a wand of disintegration (10)
 P - a wand of scattershot (7)
 V - a wand of random effects (21)
Scrolls
 k - 6 scrolls of teleportation {@r4}
 m - a scroll of remove curse
 o - a scroll of enchant weapon
 r - a scroll of blinking {unknown}
 B - a scroll of enchant armour
 F - a scroll of fear {unknown}
 J - 3 scrolls of magic mapping
 O - a scroll of holy word {unknown}
 R - a scroll of vulnerability {unknown}
Potions
 f - 5 potions of brilliance
 g - a potion of degeneration {unknown}
 j - 2 potions of flight
 p - 3 potions of curing {unknown}
 s - 3 potions of haste {@q3}
 A - a potion of cancellation {unknown}
 G - 5 potions of lignification {unknown}
 H - a potion of ambrosia {unknown}
 L - a potion of heal wounds {unknown}
 S - a potion of mutation {unknown}
 T - 2 potions of stabbing {unknown}
 U - a potion of berserk rage {unknown}
 W - 2 potions of resistance {unknown}
Miscellaneous
 I - a box of beasts
Comestibles
 c - 17 rations
 h - 4 chunks of flesh

Dungeon Overview and Level Annotations

Branches:
Dungeon (9/15)             Temple (0/1) D:7          Bailey (visited)
   Lair: D:8-11         Orc: D:9-12

Altars:
Elyvilon
Gozag
Hepliaklqana
Kikubaaqudgha
Makhleb
Okawaru
Qazlal
Ru
Sif Muna
Trog
Uskayaw
Vehumet
Wu Jian
Zin

Shops:
D:7

* ▒▒▒.▒ ▒▒▒▒ ...▒ ▒..▒
...▒ ▒).▒ ▒..▒ ▒..▒
▒..▒▒▒▒▒..▒▒
▒..▒.......▒
▒..▒÷≈≈≈≈≈.▒▒▒▒
▒C.▒)≈...≈....▒
▒.F▒.≈.=>≈....▒▒▒▒▒
▒▒▒▒▒▒....≈...≈.........
..........≈≈≈≈≈...▒▒▒▒▒▒
..................▒
▒▒▒▒▒▒▒▒..........▒
▒..........▒
▒..........▒▒▒▒▒▒
............÷.).>.
..............)(...


You could see a cyclops.


Message History

Aim: a cyclops, quivering 3 large rocks (lightly wounded)
You freeze the cyclops!
The cyclops is moderately wounded.
The cyclops hits you!!
Aiming: Freeze (safe; 0% risk of failure)
Aim: a cyclops, quivering 3 large rocks (moderately wounded)
You freeze the cyclops.
The cyclops is moderately wounded.
Aiming: Freeze (safe; 0% risk of failure)
Aim: a cyclops, quivering 3 large rocks (moderately wounded)
You freeze the cyclops!
The cyclops is heavily wounded.
The cyclops barely misses you.
Aiming: Freeze (safe; 0% risk of failure)
Aim: a cyclops, quivering 3 large rocks (heavily wounded)
You freeze the cyclops!
The cyclops is severely wounded.
The cyclops hits you!!
* * * LOW HITPOINT WARNING * * *
Aiming: Freeze (safe; 0% risk of failure)
Aim: a cyclops, quivering 3 large rocks (severely wounded)
You freeze the cyclops.
The cyclops is severely wounded.
The frozen ramparts melt away.
Aiming: Freeze (safe; 0% risk of failure)
Aim: a cyclops, quivering 3 large rocks (severely wounded)
You freeze the cyclops.
The cyclops is severely wounded.
The cyclops hits you!!
You die...

Action                   |  1- 3 |  4- 6 |  7- 9 | 10-12 || total
-------------------------+-------+-------+-------+-------++-------
Melee: Unarmed           |     1 |       |       |       ||     1
       Whip              |     5 |       |       |       ||     5
       Dagger            |       |    48 |   119 |    80 ||   247
Throw: Stone             |       |     1 |       |       ||     1
 Cast: Freeze            |    38 |    63 |   134 |    93 ||   328
       Frozen Ramparts   |       |     8 |    13 |    17 ||    38
       Ozocubu's Armour  |       |     1 |     5 |    11 ||    17
       Summon Ice Beast  |       |       |     3 |     4 ||     7
Evoke: Wand              |       |       |     3 |       ||     3
  Use: Scroll            |     2 |     6 |     2 |     1 ||    11
 Stab: Sleeping          |       |       |     4 |     1 ||     5
       Distracted        |       |       |     2 |       ||     2
  Eat: Chunk             |     1 |     9 |    12 |     7 ||    29
Armor: Robe              |     4 |    26 |    78 |    39 ||   147
Dodge: Dodged            |    20 |    71 |   140 |   134 ||   365

Levels and vault maps discovered:
D:1:      erik_arrival_orb_chamber, layout_basic, st_stairs_10,
          minmay_crystal_room, minivault_11, serial_park_tiny_1,
          minmay_worlds_worst_comb
D:2:      layout_loops_corners, nicolae_ru_the_path_less_chosen,
          old_standard_altar, uniq_robin, uniq_jessica, uniq_crazy_yiuf_cottage
D:3:      layout_loops_corners, lemuel_crystal_altar, elyvilon_altar_4,
          wad_floor_pattern_2
D:4:      layout_basic
D:5:      kennysheep_windowed_halls, layout_cave_pools, grunt_gozag_breadcrumbs,
          grunt_temple_overflow_open, first_ration, st_stairs_14,
          chequers_big_river, minmay_ruined_shrine
D:6:      layout_loops_ring, lemuel_doored_altar, gammafunk_ghost_icy
D:7:      layout_cave_pools, led_sif_pool, minmay_temple_entry_trees,
          st_stairs_14, supply_closet_lemuel, minmay_shop_damaged
D:8:      layout_basic, david_nohive_1, uniq_maurice
D:9:      hangedman_cross_stitches, layout_small_grid,
          due_lair_maze_entry_diamond, biasface_ghost_orc_armoury,
          enter_bailey_5, uniq_erolcha

Notes
Turn   | Place    | Note
-------+----------+-------------------------------------------
     0 | D:1      | sanka the Barachi Ice Elementalist began the quest for the
                  | Orb.
     0 | D:1      | Reached XP level 1. HP: 13/13 MP: 3/3
   214 | D:1      | Reached XP level 2. HP: 18/19 MP: 2/5
   364 | D:1      | Reached skill level 3 in Spellcasting
   877 | D:1      | Reached XP level 3. HP: 21/24 MP: 4/8
   882 | D:1      | Learned a level 3 spell: Frozen Ramparts
  1220 | D:2      | Reached skill level 5 in Ice Magic
  1220 | D:2      | Reached XP level 4. HP: 29/30 MP: 4/9
  1221 | D:2      | Reached skill level 4 in Spellcasting
  1335 | D:2      | Found a sacrificial altar of Ru.
  1382 | D:2      | Found a bloodstained altar of Trog.
  1735 | D:2      | Noticed Robin
  1744 | D:2      | Killed Robin
  1744 | D:2      | Reached skill level 6 in Ice Magic
  1790 | D:2      | Reached XP level 5. HP: 15/35 MP: 2/11
  2056 | D:2      | Noticed Jessica
  2062 | D:2      | Killed Jessica
  2233 | D:2      | Found a runed translucent door.
  2234 | D:2      | Noticed Crazy Yiuf
  2243 | D:2      | Killed Crazy Yiuf
  2375 | D:3      | Noticed an ogre
  2388 | D:3      | Reached skill level 7 in Ice Magic
  2391 | D:3      | Killed an ogre
  2391 | D:3      | Reached XP level 6. HP: 38/41 MP: 7/12
  2498 | D:3      | Found a hazy altar of Hepliaklqana.
  2509 | D:3      | Reached skill level 8 in Ice Magic
  2520 | D:3      | Learned a level 3 spell: Ozocubu's Armour
  2525 | D:3      | Learned a level 4 spell: Summon Ice Beast
  2739 | D:3      | Reached skill level 1 in Summonings
  2886 | D:3      | Found a white marble altar of Elyvilon.
  3372 | D:4      | Reached skill level 2 in Summonings
  3543 | D:4      | Reached XP level 7. HP: 42/46 MP: 6/13
  3548 | D:4      | Reached skill level 3 in Summonings
  3837 | D:4      | Reached skill level 9 in Ice Magic
  4091 | D:5      | Entered Level 5 of the Dungeon
  4115 | D:5      | Reached XP level 8. HP: 42/52 MP: 4/15
  4218 | D:5      | Found an opulent altar of Gozag.
  4297 | D:5      | Found a stormy altar of Qazlal.
  4305 | D:5      | Reached skill level 10 in Ice Magic
  4312 | D:5      | Reached skill level 5 in Spellcasting
  4524 | D:5      | Found a hide-covered altar of Uskayaw.
  4526 | D:5      | Found an iron altar of Okawaru.
  4527 | D:5      | Found a radiant altar of Vehumet.
  4527 | D:5      | Found a burning altar of Makhleb.
  4529 | D:5      | Found a glowing silver altar of Zin.
  4529 | D:5      | Found an ornate altar of the Wu Jian Council.
  4550 | D:5      | Became a worshipper of Vehumet
  4696 | D:5      | Reached skill level 11 in Ice Magic
  5171 | D:6      | Found a runed translucent gate.
  5171 | D:6      | Found a runed translucent gate.
  5172 | D:6      | Found a runed translucent gate.
  5224 | D:6      | Found an ancient bone altar of Kikubaaqudgha.
  5272 | D:6      | Reached skill level 6 in Spellcasting
  5327 | D:6      | Noticed SatoMori's ghost (novice HOBe)
  5491 | D:6      | Reached XP level 9. HP: 57/57 MP: 16/18
  5648 | D:6      | Reached * piety under Vehumet
  5648 | D:6      | Offered knowledge of Sandblast by Vehumet.
  5651 | D:6      | Killed SatoMori's ghost
  5651 | D:6      | Reached skill level 4 in Summonings
  5651 | D:6      | Reached skill level 12 in Ice Magic
  5792 | D:6      | Got the ring "Cekhag" {Fire}
  5794 | D:6      | Identified the ring "Cekhag" {Fire *Contam Dex+7 SInv
                  | Stlth+} (You found it on level 6 of the Dungeon)
  5953 | D:7      | Reached skill level 7 in Spellcasting
  6045 | D:7      | Learned a level 4 spell: Hailstorm
  6220 | D:7      | Reached skill level 1 in Fighting
  6220 | D:7      | Reached skill level 1 in Conjurations
  6252 | D:7      | Found Vugoador's Lightly-Used Armoury.
  6254 | D:7      | Found a staircase to the Ecumenical Temple.
  6268 | D:7      | Reached ** piety under Vehumet
  6268 | D:7      | Offered knowledge of Foxfire by Vehumet.
  6360 | D:7      | Reached skill level 13 in Ice Magic
  6383 | D:7      | Reached skill level 2 in Fighting
  6383 | D:7      | Reached skill level 3 in Dodging
  6463 | D:7      | Reached skill level 2 in Conjurations
  6476 | D:7      | Found a shimmering blue altar of Sif Muna.
  6547 | D:7      | Reached XP level 10. HP: 67/67 MP: 21/21
  7021 | D:8      | Noticed Maurice
  7028 | D:8      | Reached skill level 3 in Fighting
  7030 | D:8      | Offered knowledge of Ignite Poison by Vehumet.
  7034 | D:8      | Killed Maurice
  7034 | D:8      | Reached skill level 3 in Conjurations
  7096 | D:8      | Reached skill level 4 in Dodging
  7136 | D:8      | Reached *** piety under Vehumet
  7200 | D:8      | Reached skill level 4 in Fighting
  7200 | D:8      | Reached skill level 8 in Spellcasting
  7568 | D:8      | Reached skill level 4 in Conjurations
  7812 | D:9      | Noticed Erolcha
  7834 | D:9      | Killed Erolcha
  7834 | D:9      | Reached skill level 5 in Fighting
  7834 | D:9      | Reached skill level 5 in Dodging
  7850 | D:9      | Found a flagged portal.
  7862 | D:9      | Offered knowledge of Fulminant Prism by Vehumet.
  7944 | Bailey   | Entered a bailey
  8165 | Bailey   | Found an iron altar of Okawaru.
  8175 | Bailey   | Reached **** piety under Vehumet
  8229 | Bailey   | Got a warped cloak
  8240 | Bailey   | Identified the cursed +0 cloak of the Skies Above {Int+6}
                  | (You found it in a bailey)
  8315 | D:9      | Noticed a cyclops
  8324 | D:9      | Reached skill level 6 in Dodging
  8324 | D:9      | Reached XP level 11. HP: 80/81 MP: 20/23
  8336 | D:9      | Reached skill level 6 in Fighting
  8401 | D:9      | Slain by a cyclops

Vanquished Creatures
  The ghost of SatoMori the Slasher, a novice HOBe of Trog (D:6)
  Maurice (D:8)
  A queen bee (D:8)
  A hippogriff (D:9)
  A yak (D:9)
  4 orc warriors
  3 ice beasts
  3 sky beasts
  A black bear (D:7)
  2 phantoms
  4 ogres
  5 centaurs
  A big kobold (D:5)
  5 bullfrogs
  3 scorpions
  18 killer bees (D:8)
  2 wights (D:9)
  2 howler monkeys
  7 crimson imps
  A bullfrog zombie (D:7)
  2 hounds
  Crazy Yiuf (D:2)
  3 orc priests
  11 orc wizards
  A centaur skeleton (D:7)
  2 gnoll shamans
  Jessica (D:2)
  7 iguanas
  8 worker ants
  A killer bee simulacrum (D:6)
  2 howler monkey zombies
  A worker ant zombie (D:5)
  Robin (D:2)
  14 gnolls
  8 adders
  4 shadow imps
  2 white imps (D:6)
  3 adder skeletons
  3 worms
  An adder simulacrum (D:6)
  2 dart slugs (D:1)
  5 leopard geckos
  46 orcs
  6 giant cockroaches
  21 goblins
  11 hobgoblins
  A jackal (D:5)
  5 quokkas
  3 ball pythons
  4 bats
  6 frilled lizards
  A giant cockroach zombie (D:5)
  18 kobolds
  A leopard gecko simulacrum (D:6)
  A leopard gecko zombie (D:5)
  2 quokka skeletons (D:5)
  10 rats
285 creatures vanquished.

Vanquished Creatures (collateral kills)
  Erolcha (D:9)
  A centaur (D:9)
  An adder simulacrum (D:6)
3 creatures vanquished.

Vanquished Creatures (others)
  A quokka (D:3)
  7 fungi (D:9)
  4 plants (D:9)
12 creatures vanquished.

Grand Total: 300 creatures vanquished
